 Dungeon Crawl Stone Soup version 0.28.0-53-g5a82cb258f (webtiles) character file.

Game seed: 5040794717417438140

784 hawla the Firebug (level 7, -4/27 (28) HPs)
             Began as a Felid Fire Elementalist on May 24, 2022.
             Was a Follower of Vehumet.
             Slain by a wight
             ... wielding a +4 short sword
              (10 damage)
             ... on level 7 of the Dungeon.
             The game lasted 00:26:30 (7988 turns).

hawla the Firebug (Felid Fire Elementalist)         Turns: 7988, Time: 00:26:30

HP:   -4/27 (28)    AC:  2    Str:  4    XL:     7   Next: 55%
MP:   4/12          EV: 18    Int: 18    God:    Vehumet [*.....]
Gold: 308           SH:  0    Dex: 15    Spells: 4/11 levels left
                                        Lives: 0   Deaths: 2

rFire   . . .      SeeInvis +   (weapon unavailable)
rCold   . . .      Faith    .   (shield unavailable)
rNeg    . . .      Spirit   .   (armour unavailable)
rPois   .          Reflect  .   (helmet unavailable)
rElec   .          Harm     .   (cloak unavailable)
rCorr   .          Rampage  .   (gloves unavailable)
Will    +....                   (boots unavailable)
Stlth   ++........              (no amulet)
HPRegen 0.09/turn               (no ring)
MPRegen 0.13/turn               (no ring)

@: lightly drained, quick
A: very small, claws 1, fangs 3, see invisible, speed 1, shaggy fur 2, stealthy
paws, no weapons or thrown items, no armour, multi-lived, clumsy 1
a: Renounce Religion


You were on level 7 of the Dungeon.
You worshipped Vehumet.
Vehumet was aware of your devotion.
You visited 2 branches of the dungeon, and saw 8 of its levels.

You collected 308 gold pieces.

Inventory:

Jewellery
 a - a ring of ice
 b - a +6 ring of strength
 d - a ring of fire
 g - a ring of willpower
 h - an amulet of the acrobat
Potions
 c - a potion of brilliance
 e - a potion of might
 f - a potion of mutation


   Skills:
 + Level 0.4 Fighting
 + Level 3.6 Dodging
 - Level 3.4 Stealth
 - Level 0.8 Unarmed Combat
 - Level 2.9 Spellcasting
 * Level 5.4 Conjurations
 * Level 7.7 Fire Magic


You had 4 spell levels left.
You knew the following spells:

 Your Spells              Type           Power      Damage    Failure   Level
a - Foxfire               Conj/Fire      100%       2x1d9     1%          1
b - Scorch                Fire           60%        2d8       1%          2
c - Flame Wave            Conj/Fire      26%        2d7       11%         4

Your spell library contained the following spells:

 Spells                   Type           Power      Damage    Failure   Level
 Sandblast                Erth           4%         2d4       17%         1
 Conjure Flame            Conj/Fire      26%        6-21      3%          3
 Inner Flame              Hex/Fire       16%        N/A       10%         3
 Animate Skeleton         Necr           4%         N/A       17%         1
 Apportation              Tloc           4%         N/A       17%         1
 Sting                    Tmut/Pois      8%         1d3       17%         1
 Summon Small Mammal      Summ           8%         N/A       17%         1
 Gell's Gravitas          Tloc           2%         N/A       45%         3
 Lesser Beckoning         Tloc           2%         N/A       45%         3
 Teleport Other           Tloc           2%         N/A       45%         3


Dungeon Overview and Level Annotations

Branches:
Dungeon (7/15)             Temple (1/1) D:5

Altars:
Ashenzari
Cheibriados
Dithmenos
Elyvilon
Fedhas
Gozag
Hepliaklqana
Kikubaaqudgha
Makhleb
Nemelex Xobeh
Okawaru
Qazlal
Ru
Sif Muna
Trog
Uskayaw
Vehumet
Wu Jian
Xom
Yredelemnul
The Shining One

Shops:
D:3 =:[

Annotations:
D:6 Maggie


Innate Abilities, Weirdness & Mutations

You have sharp claws.
You have razor-sharp teeth.
You have supernaturally acute eyesight. (SInv)
You cover ground quickly. (Speed+)
You are covered in thick fur. (AC +2)
Your paws help you pounce on unaware monsters.
You are incapable of wielding weapons or throwing items.
You cannot wear armour.
You gain extra lives every three experience levels.
You are clumsy. (Dex -2)


Message History

Confirm with . or Enter, or press ? or * to list all spells.
Flames lash the wight.
The wight is lightly damaged.
The wight's fire resistance burns away.
Unknown command.
Casting: Scorch (safe; 1% risk of failure)
Confirm with . or Enter, or press ? or * to list all spells.
You conjure some foxfire!
A wight comes into view. It is wielding a +0 scimitar.
The foxfire hits the wight.
The wight is lightly damaged.
The wight hits you with a +0 spear! The wight closely misses you.
Casting: Foxfire (safe; 1% risk of failure)
Confirm with . or Enter, or press ? or * to list all spells.
The spell is extremely dangerous to miscast (11% risk of failure)!
Continue anyway?
Casting: Flame Wave (extremely dangerous; 11% risk of failure)
Press: ? - help, Dir - look around, f - activate A wave of flame ripples out!
The flame wave engulfs your foxfire.
Your foxfire completely resists.
The flame wave engulfs the wight.
The wight is heavily damaged.
The flame wave engulfs the wight!
The wight is burned terribly!
The wight is severely damaged. (Press . to intensify the flame waves.)
The wight is no longer more vulnerable to fire.
The foxfire hits the wight!
The wight is almost destroyed.
The wight hits you with a +0 spear.
You feel drained.
The wight hits you with a +4 short sword!
* * * LOW HITPOINT WARNING * * *
A wave of flame ripples out!
The flame wave engulfs the wight.
The wight is almost destroyed.
The flame wave engulfs the wight!
You destroy the wight!
Vehumet accepts your kill.
The flame wave engulfs the wight.
The wight is moderately damaged.
The flame wave engulfs the wight but does no damage.
The wight hits you with a +4 short sword!
You die...

##.........#
..........#
#.........#
#..........
#.....!....
#..........
###....z.....
#...§@z..$#
#...§#z.###
#..§§##.... #....#
...... #....# .....
.######....###.##+#
# ...............)#
#.
########....###..#
#.#+#.......##### #


You could see 3 wights.

Vanquished Creatures
  A wraith (D:5)
  Eustachio (D:6)
  Menkaure (D:4)
  An ice beast (D:6)
  A black bear (D:6)
  2 ogres (D:6)
  A bullfrog (D:6)
  A scorpion (D:6)
  A water moccasin skeleton (D:5)
  A wight (D:7)
  2 howler monkeys
  2 hounds
  2 orc priests (D:6)
  3 iguanas
  2 orc wizards (D:5)
  A hound skeleton (D:4)
  9 adders
  An adder skeleton (D:4)
  3 worms
  4 dart slugs
  18 orcs
  9 endoplasms
  5 giant cockroaches
  6 goblins
  8 hobgoblins
  4 jackals (D:2)
  2 quokkas (D:5)
  4 ball pythons (D:3)
  5 bats
  2 frilled lizards
  11 kobolds
  7 rats
121 creatures vanquished.

Vanquished Creatures (collateral kills)
  A foxfire (D:4)
1 creature vanquished.

Vanquished Creatures (others)
  343 foxfires
  4 fungi (D:2)
  18 plants
365 creatures vanquished.

Grand Total: 487 creatures vanquished

Notes
Turn   | Place    | Note
-------+----------+-------------------------------------------
     0 | D:1      | hawla the Felid Fire Elementalist began the quest for the
                  | Orb.
     0 | D:1      | Reached XP level 1. HP: 7/7 MP: 4/4
   165 | D:1      | Reached XP level 2. HP: 11/11 MP: 1/6
   633 | D:1      | Learned a level 2 spell: Scorch
   952 | D:1      | Reached skill level 3 in Fire Magic
  1164 | D:1      | Reached XP level 3. HP: 14/14 MP: 7/7
  1360 | D:2      | Reached skill level 1 in Conjurations
  1944 | D:2      | Found a faded altar of an unknown god.
  2074 | D:2      | Got Plato's Grimoire of Moulding and Venom
  2438 | D:2      | Reached XP level 4. HP: 18/18 MP: 6/9
  2443 | D:2      | Learned a level 4 spell: Flame Wave
  2582 | D:3      | Found Qoygum's Jewellery Boutique.
  2687 | D:3      | Found Onuskidgh's Armour Boutique.
  2765 | D:3      | Found Affimoaz's Book Shoppe.
  3696 | D:4      | Reached XP level 5. HP: 21/21 MP: 0/10
  4070 | D:4      | Noticed Menkaure
  4201 | D:4      | Noticed Eustachio
  4209 | D:4      | Reached skill level 4 in Fire Magic
  4307 | D:4      | Killed Menkaure
  4308 | D:4      | Gained mutation: You are covered in thick fur. (AC +2)
                  | [Felid growth]
  4308 | D:4      | Reached XP level 6. HP: 12/24 MP: 4/11
  4879 | D:5      | Entered Level 5 of the Dungeon
  4915 | D:5      | Found a staircase to the Ecumenical Temple.
  4943 | Temple   | Entered the Ecumenical Temple
  5085 | Temple   | Became a worshipper of Vehumet
  5176 | D:5      | Noticed a wraith
  5192 | D:5      | Gained mutation: You are clumsy. (Dex -2) [potion of
                  | mutation]
  5192 | D:5      | Gained mutation: You are robust. (+10% HP) [potion of
                  | mutation]
  5192 | D:5      | Lost mutation: You are robust. (+10% HP) [potion of
                  | mutation]
  5238 | D:5      | Killed a wraith
  5238 | D:5      | Slain by an orc
  5239 | D:5      | Reached XP level 5. HP: 0/21 MP: 9/10
  5239 | D:5      | Reached skill level 5 in Fire Magic
  5239 | D:5      | Reached XP level 6. HP: 24/24 MP: 11/11
  6138 | D:5      | Reached XP level 7. HP: 17/27 MP: 6/12
  6453 | D:5      | Reached skill level 6 in Fire Magic
  6854 | D:6      | Killed Eustachio
  7065 | D:6      | Reached skill level 7 in Fire Magic
  7147 | D:6      | Reached skill level 5 in Conjurations
  7240 | D:6      | Reached XP level 8. HP: 31/31 MP: 9/13
  7243 | D:6      | Reached * piety under Vehumet
  7243 | D:6      | Offered knowledge of Sandblast by Vehumet.
  7247 | D:6      | Noticed Maggie
  7255 | D:6      | Killed from afar by Maggie
  7256 | D:6      | Reached XP level 7. HP: -1/28 MP: 6/12
  7988 | D:7      | Slain by a wight

Illustrated notes

Levels and vault maps discovered:
D:1:      shiori_arrival_maze, layout_basic
D:2:      layout_loops_ring, shapermc_ecumenical_altar_rom_forum
D:3:      layout_rooms, serial_shops, shop_fountains,
          nicolae_shop_advertising_works [nicolae_subvault_shop_adworks], shop,
          nrook_campfire, saegor_snake_ambush
D:4:      layout_loops_ring, serial_bayou, serial_bayou_ford_a,
          serial_bayou_pond_b, serial_bayou_shore_a, serial_bayou_pond_c,
          serial_bayou_pond_d, serial_bayou_pond_e, uniq_eustachio,
          uniq_menkaure
D:5:      layout_cave_pods, minmay_temple_entry_water_ring, gup_sewer_entry_bowl
D:6:      layout_basic, serial_shops, kennysheep_mini_moat,
          serial_park_tiny_pond, mrwooster_statue_mirror,
          minmay_misc_feat_alley, hangedman_decor_peaks_small,
          grunt_ministairs_13, uniq_maggie
D:7:      layout_basic, mainiacjoe_overflow_brackets
Temple:   kilobyte_greek_temple

Skill      XL: |  1  2  3  4  5  6  7 |
---------------+----------------------+-----
Stealth        | 3 |  3.4
Fire Magic     | 3 5 7 |  7.7
Conjurations   | 1 2 3 4 5 |  5.4
Dodging        | 3 |  3.6
Fighting       | |  0.4
Unarmed Combat | |  0.8
Spellcasting   | |  2.9

Action                   |  1- 3 |  4- 6 |  7- 9 || total
-------------------------+-------+-------+-------++-------
Melee: Unarmed           |    38 |    15 |     8 ||    61
       Bite              |     7 |     1 |     2 ||    10
       Punch             |       |       |     1 ||     1
 Cast: Foxfire           |    60 |   108 |    44 ||   212
       Scorch            |     5 |    28 |    20 ||    53
       Flame Wave        |       |       |     1 ||     1
  Use: Scroll            |     2 |     7 |     4 ||    13
       Potion            |       |     3 |     4 ||     7
 Stab: Sleeping          |     4 |       |       ||     4
Armor: Skin              |     2 |     2 |     1 ||     5
Dodge: Dodged            |    34 |    54 |    14 ||   102
